 Dungeon Crawl Stone Soup version 0.32-a0-886-g41c5271027 (webtiles) character file.

Game seed: 6851348160608450130

284 retardedninja the Trooper (level 6, -2/50 HPs)
             Began as a Coglin Fighter on Apr 1, 2024.
             Succumbed to an orc wizard's poison
             ... on level 4 of the Dungeon on Apr 2, 2024.
             The game lasted 00:05:45 (2767 turns).

retardedninja the Trooper (Coglin Fighter)          Turns: 2767, Time: 00:05:46

Health: -2/50      AC:  9    Str: 19    XL:     6   Next: 29%
Magic:  6/6        EV:  8    Int:  7    God:
Gold:   143        SH:  0    Dex: 13    Spells: 5/5 levels left

rFire   . . .        a - +0 war axe {Edmée}
rCold   . . .        n - +0 mace {María}
rNeg    . . .        b - +0 scale mail
rPois   .            h - +0 helmet
rElec   .            c - +0 cloak
rCorr   .            (no gloves)
SInv    .            (no boots)
Will    .....        (amulet unavailable) Stlth
                     (ring unavailable)
HPRegen 0.28/turn    (ring unavailable)
MPRegen 0.10/turn    (no gizmo)

%: no passive effects
@: mighty, brilliant, lethally poisoned (-2 -> -39), revved
A: off-hand wielding, slow wielding, warmup strikes, no jewellery
a: Invent Gizmo


You were on level 4 of the Dungeon.
You visited 1 branch of the dungeon, and saw 4 of its levels.

You collected 143 gold pieces.

Inventory:

Hand Weapons
 a - a +0 war axe (weapon) {Edmée}
 n - a +0 mace (offhand) {María}
Armour
 b - a +0 scale mail (worn)
 c - a +0 cloak (worn)
 h - a +0 helmet (worn)
 o - a +0 pair of boots
Wands
 j - a wand of paralysis (2)
 q - a wand of flame (25)
Scrolls
 f - a scroll of amnesia {unknown}
 g - a scroll of blinking {unknown}
 k - a scroll of identify {unknown}
 l - 2 scrolls of fear {unknown}
 p - a scroll of silence {unknown}
 r - a scroll of enchant weapon {unknown}
Potions
 d - 2 potions of might
 e - a potion of resistance {unknown}
 i - a potion of brilliance
 m - a potion of berserk rage {unknown}


   Skills:
 * Level 4.9 Fighting
 * Level 4.2 Axes
 + Level 3.6 Armour
 - Level 2.1 Shields


You had 5 spell levels left.
You didn't know any spells.
Your spell library contained the following spells:

 Spells                   Type           Power      Damage    Failure   Level
 Freeze                   Ice            0%         1d3       80%         1
 Frozen Ramparts          Ice            0%         1d1       99%         3
 Fugue of the Fallen      Necr           0%         N/A       99%         3
 Hailstorm                Conj/Ice       0%         3d5       99%         3
 Ozocubu's Armour         Ice            0%         N/A       99%         3
 Manifold Assault         Tloc           0%         N/A       100%        7


Dungeon Overview and Level Annotations

Branches:
Dungeon (4/15)
 Temple: D:4-7

Altars:

Shops:
D:3 =


Innate Abilities, Weirdness & Mutations

You can wield a second weapon in your off-hand.
It takes a long time for you to wield or remove held weapons.
Your first few attacks do less damage.
You cannot equip rings or amulets.


Message History

You slash something with your +0 war axe!
Reactivating autopickup.
You feel a bit more experienced.
You slash the jackal with your +0 war axe!
You kill the jackal!
You closely miss the jackal with your +0 war axe.
You slash something with your +0 war axe!
You feel extremely sick.
The jackal bites you but does no damage.
Something hits you but does no damage.
You are more poisoned.
Deactivating autopickup; reactivate with Ctrl-A.
The jackal bites you.
You miss the orc wizard with your +0 war axe.
You barely miss the jackal with your +0 war axe.
You barely miss something with your +0 war axe.
You sock the orc wizard with your +0 mace!
You feel extremely sick. Something hits you but does no damage.
You are lethally poisoned!
The jackal barely misses you.
The orc wizard hits you but does no damage.
Something hits you.
You are more poisoned.
You miss something with your +0 war axe.
You slash the jackal with your +0 war axe!
You kill the jackal!
You slash the jackal with your +0 war axe!
You kill the jackal!
You slash the orc wizard with your +0 war axe!
You kill the orc wizard!
You miss something with your +0 mace.
* * * LOW HITPOINT WARNING * * *
You feel extremely sick. Something hits you.
* * * LOW HITPOINT WARNING * * *
You are more poisoned.
It was a potion of brilliance.
You feel clever all of a sudden.
You die...

.. .# .#
###.# ....##
#.... #)†#
#@†# #.{#
####..######
#........(..
#.......####
#....>..###
#...........
#.......####
#.......#


There were no monsters in sight!

Vanquished Creatures
  Jessica (D:3)
  Natasha (thrice) (D:3)
  2 orc wizards (D:4)
  Robin (D:3)
  4 adders
  A ribbon worm (D:3)
  2 dart slugs
  An orc (D:4)
  7 endoplasms
  4 giant cockroaches
  8 goblins
  13 hobgoblins
  7 jackals
  4 quokkas (D:1)
  5 ball pythons
  8 bats
  4 frilled lizards
  8 kobolds
  5 rats
88 creatures vanquished.

Notes
Turn   | Place    | Note
-------+----------+-------------------------------------------
     0 | D:1      | retardedninja the Coglin Fighter began the quest for the
                  | Orb.
     0 | D:1      | Reached XP level 1. HP: 18/18 MP: 1/1
    83 | D:1      | Reached XP level 2. HP: 24/24 MP: 2/2
   415 | D:1      | Reached XP level 3. HP: 29/29 MP: 3/3
   875 | D:2      | Upgraded the game from 0.32-a0-876-gcfddb08e57 to
                  | 0.32-a0-886-g41c5271027
   936 | D:2      | Reached XP level 4. HP: 31/37 MP: 4/4
  1545 | D:3      | Noticed Jessica
  1558 | D:3      | Killed Jessica
  1694 | D:3      | Found Vonyuch's Jewellery Shoppe.
  1708 | D:3      | Noticed Natasha
  1714 | D:3      | Killed Natasha
  1715 | D:3      | Reached XP level 5. HP: 14/42 MP: 5/5
  1842 | D:3      | Noticed Natasha
  1845 | D:3      | Noticed Robin
  1859 | D:3      | Killed Natasha
  1863 | D:3      | Killed Robin
  2488 | D:3      | Noticed Natasha
  2492 | D:3      | Killed Natasha
  2493 | D:3      | Reached XP level 6. HP: 47/49 MP: 6/6
  2767 | D:4      | Succumbed to an orc wizard's poison

Illustrated notes

Levels and vault maps discovered:
D:1:      onia_arrival_handbag, layout_loops_cross, minmay_3d_cube
D:2:      layout_basic, nicolae_underground_beach
D:3:      layout_loops_corners, serial_shops, nicolae_shop_back_alley_shop,
          uniq_jessica, uniq_natasha, uniq_robin
D:4:      old_forge, layout_loops_ring, ashenzari_conservatory_becter,
          minivault_1

Skill      XL: |  1  2  3  4  5 |
---------------+----------------+-----
Armour         | 3 |  3.6
Axes           | 3 4 |  4.2
Fighting       | 4 |  4.9
Shields        | |  2.1

Action                     |  1- 3 |  4- 6 || total
---------------------------+-------+-------++-------
  Melee: War axe           |    71 |   103 ||   174
         Dagger            |    33 |    57 ||    90
         Mace              |       |    32 ||    32
    Use: Potion            |       |     3 ||     3
 Armour: Scale mail        |    57 |   113 ||   170
  Dodge: Dodged            |    43 |    73 ||   116
  Block: Buckler           |     7 |       ||     7

Table legend: (Time is in decaauts)
 A = Elapsed time spent in this place.
 B = Non-inter-level travel time spent in this place.
 C = Inter-level travel time spent in this place.
 D = Time resting spent in this place.
 E = Time spent auto-exploring this place.
 F = Levels seen in this place.
 G = Mean time per level.
                   A        B        C        D        E       F      G
               +--------+--------+--------+--------+--------+-----+--------+
         Total |   2819 |   2765 |     54 |      0 |   2193 |   4 |  704.8 |
       Dungeon |   2819 |   2765 |     54 |      0 |   2193 |   4 |  704.8 |
               +--------+--------+--------+--------+--------+-----+--------+

Top non-repeatable levels by time:
     D:3: 1240 daAuts
     D:1: 799 daAuts
     D:2: 761 daAuts
     D:4: 19 daAuts
